 Seeded DCSS version 0.29-a0-998-g1987434951 (webtiles) character file.

Game seed: 202203302 (custom seed)

8535 purpskrrrp the Fighter (level 11, -6/105 HPs)
             Began as an Ogre Hunter on Aug 5, 2022.
             Was a High Priest of Hepliaklqana.
             Mangled by an orc warrior
             ... wielding a +0 battleaxe
              (23 damage)
             ... on level 2 of the Orcish Mines.
             The game lasted 00:40:47 (8719 turns).

purpskrrrp the Fighter (Ogre Hunter)                Turns: 8719, Time: 00:40:48

Health: -6/105     AC:  3    Str: 19    XL:     11   Next: 32%
Magic:  11/11      EV: 14    Int: 10    God:    Hepliaklqana [*****.]
Gold:   863        SH:  0    Dex: 20    Spells: 10/10 levels left

rFire   . . .      SeeInvis .   q - +4 hand axe (distort)
rCold   . . .      Faith    .   (no shield)
rNeg    . . .      Spirit   .   c - +0 robe
rPois   .          Reflect  .   (helmet restricted)
rElec   .          Harm     .   r - scarf {shadows}
rCorr   +          Rampage  .   (gloves unavailable)
Will    +....                   (boots unavailable)
Stlth   ++........              l - amulet of regeneration
HPRegen 1.07/turn               u - ring of resist corrosion
MPRegen 0.12/turn               s - +6 ring of dexterity

@: no status effects
A: reduced essence, large, unfitting armour, tough skin 1
a: Renounce Religion, Recall Ancestor, Ancestor Identity, Transference, Idealise


You were on level 2 of the Orcish Mines.
You worshipped Hepliaklqana.
Hepliaklqana was extremely pleased with you.
You visited 2 branches of the dungeon, and saw 11 of its levels.

You collected 993 gold pieces.
You spent 130 gold pieces at shops.

Inventory:

Hand Weapons
 a - a +0 shortbow
 b - a +0 giant spiked club
 g - a +0 dagger of venom
 q - a +4 hand axe of distortion (weapon)
Missiles
 i - 3 curare-tipped darts
 A - 8 boomerangs
 D - 4 poisoned darts
Armour
 c - a +0 robe (worn)
 r - a scarf of shadows (worn)
Magical Staves
 d - a staff of cold
Jewellery
 l - an amulet of regeneration (around neck)
 o - a ring of protection from cold
 s - a +6 ring of dexterity (right hand)
 u - a ring of resist corrosion (left hand)
 w - an amulet of guardian spirit
Wands
 p - a wand of quicksilver (1) (quivered)
 x - a wand of flame (4)
 C - a wand of paralysis (5)
 E - a wand of polymorph (4)
Scrolls
 f - 3 scrolls of teleportation
 n - a scroll of butterflies
Potions
 e - 2 potions of heal wounds
 h - a potion of invisibility {unknown}
 j - 2 potions of ambrosia
 k - a potion of degeneration
 m - 2 potions of curing
 t - 3 potions of mutation {unknown}
 v - a potion of might {unknown}
 z - a potion of attraction {unknown}
 B - a potion of magic {unknown}


   Skills:
 + Level 9.7 Fighting
 + Level 6.6 Axes
 - Level 3.9 Ranged Weapons
 * Level 9.7 Throwing
 + Level 5.5 Armour
 + Level 6.8 Dodging
 - Level 0.9 Stealth


You had 10 spell levels left.
You didn't know any spells.
Your spell library contained the following spells:

 Spells                   Type           Power      Damage    Failure   Level
 Summon Small Mammal      Summ           0%         N/A       36%         1
 Ensorcelled Hibernation  Hex/Ice        0%         N/A       50%         2
 Passwall                 Tmut/Erth      0%         N/A       50%         2
 Call Canine Familiar     Summ           0%         N/A       75%         3
 Summon Guardian Golem    Hex/Summ       0%         N/A       75%         3
 Swiftness                Air            0%         N/A       75%         3
 Iron Shot                Conj/Erth      0%         9d1       100%        6
 Shatter                  Erth           0%         3d5*      100%        9


Dungeon Overview and Level Annotations

Branches:
Dungeon (9/15)             Temple (0/1) D:4             Orc (2/2) D:9
    Elf (0/3) Orc:2
   Lair: D:8-11

Altars:
Ashenzari
Cheibriados
Hepliaklqana
Qazlal
Trog
Yredelemnul
Zin

Shops:
D:2 *   D:3 :   D:9 (   Orc:2 !

Annotations:
Orc:1 exclusion: oklob plant
Orc:2 2 transporters, Zerkas's ghost, journeyman HOFi


Innate Abilities, Weirdness & Mutations

Your life essence is reduced to manifest your ancestor. (-10% HP)
You are too large for most types of armour.
You have tough skin. (AC +1)


Message History

* * * LOW HITPOINT WARNING * * *
Blink to where?
Press: ? - help, Dir - move target, p - warg
As you read the scroll of blinking, it crumbles to dust.
Aiming: Quicksilver Bolt
Press: ? - help, Q - select action, (/) - cycle Shift-Dir - straight line, f - orc warlord
Aim: an orc warlord, wielding a +0 battleaxe and wearing a +1 plate armour of poison resistance (moderately wounded, ally target, 83% to hit)
The bolt of dispelling energy hits the orc warlord!
The orc warlord is moderately wounded.
Enheduanakkk closely misses the orc warlord.
The orc warlord roars a battlecry!
Something closely misses Enheduanakkk.
Something hits Enheduanakkk!
Enheduanakkk is destroyed!
An orc warrior comes into view. It is wielding a +0 battleaxe.
The orc warrior shouts!
An orc priest comes into view. It is wielding a +0 trident.
The orc priest shouts!
You hit the orc warrior but do no damage.
Space warps horribly around the orc warrior!!
The orc warrior is severely wounded.
The orc warrior barely misses you.
You barely miss the orc warrior.
The orc warrior is severely wounded.
The orc priest calls upon Beogh to heal the orc warrior.
The orc warrior is healed somewhat.
The orc warrior closely misses you.
The orc warlord roars a battlecry!
The orc warrior goes into a battle-frenzy!
You hear a shout! x2
You barely miss the orc warrior.
The orc warrior is severely wounded.
You hear a shout!
The orc priest begins to cast a cantrip, but forgets the words!
The orc warrior hits you with a +0 battleaxe!!
* * * LOW HITPOINT WARNING * * *
You closely miss the orc warrior.
The orc warrior is severely wounded.
The orc priest calls upon Beogh to heal the orc warrior.
The orc warrior is healed somewhat.
The orc warrior hits you with a +0 battleaxe!!
You die...

##.......###.....
##........##.....#
#................. . ##
##........##......
..#.###........###.....
.....#.................
..o..#.............#...
........#.#.8.8...#....
.....o@..o.o...........
...###....##o))##......
#..###...))###....
...... . #.## #8...8#
##... ...#... #.#
##...## #... ....#.#
#.# #).o# #... ....#.##
#.# +..§+ #...
.......## #.# #§§§#
#... ....#...# #.#
#o8o# #...


You could see an orc warlord, 3 orc warriors and an orc priest.

Vanquished Creatures
  2 two-headed ogres (D:8)
  Maurice (Orc:2)
  A troll (Orc:2)
  A vampire (D:9)
  3 yaks (D:8)
  3 water moccasins
  A sky beast (D:8)
  6 orc warriors
  2 ice beasts
  4 ogres
  2 centaurs
  A kobold brigand (D:9)
  A phantom (D:5)
  3 scorpions
  5 bullfrogs
  5 killer bees (D:8)
  2 electric eels (D:8)
  2 hounds
  2 jellies
  6 orc priests
  An iguana (D:6)
  11 orc wizards
  10 adders
  14 gnolls
  A shadow imp (D:7)
  3 worms (D:2)
  4 dart slugs
  34 orcs
  5 endoplasms
  2 giant cockroaches (D:1)
  6 goblins
  8 hobgoblins
  4 jackals (D:1)
  5 quokkas
  4 ball pythons
  3 bats (D:2)
  A frilled lizard (D:1)
  11 kobolds
  4 rats
  A spectral goblin (D:1)
185 creatures vanquished.

Vanquished Creatures (collateral kills)
  A hornet (D:7)
  A yak (D:8)
  A warg (Orc:2)
  4 orc warriors (Orc:2)
  An ogre (D:6)
  An ice beast (D:7)
  A phantom (D:5)
  A gnoll sergeant (D:9)
  A necrophage (D:5)
  A killer bee (D:8)
  A howler monkey (D:9)
  A hound (D:4)
  A gnoll bouda (D:8)
  An iguana (D:5)
  3 orc wizards (Orc:2)
  A mummy (D:3)
  2 gnolls (D:8)
  An adder (D:4)
  A worm (D:3)
  5 orcs
  A goblin (D:4)
  A ball python (D:3)
32 creatures vanquished.

Vanquished Creatures (others)
  2 knights
  A gnoll (D:8)
  An orc (Orc:2)
  23 plants
27 creatures vanquished.

Grand Total: 244 creatures vanquished

Notes
Turn   | Place    | Note
-------+----------+-------------------------------------------
     0 | D:1      | purpskrrrp the Ogre Hunter began the quest for the Orb.
     0 | D:1      | Reached XP level 1. HP: 22/22 MP: 1/1
    29 | D:1      | Reached XP level 2. HP: 14/29 MP: 2/2
   516 | D:1      | Reached XP level 3. HP: 37/37 MP: 3/3
   755 | D:1      | Found a faded altar of an unknown god.
   852 | D:1      | You fall into a shaft and drop 1 floor!
  1257 | D:2      | Reached XP level 4. HP: 43/46 MP: 4/4
  1261 | D:2      | Found Sodweb's Assorted Antiques.
  1281 | D:2      | Bought a wooden ring for 130 gold pieces
  1870 | D:1      | Prayed at the altar of an unknown god.
  1870 | D:1      | Became a worshipper of Hepliaklqana the Forgotten
  1870 | D:1      | Reached * piety under Hepliaklqana
  2056 | D:3      | Reached XP level 5. HP: 48/48 MP: 5/5
  2110 | D:3      | Found a snail-covered altar of Cheibriados.
  2161 | D:3      | Found Misinoudd's Book Boutique.
  2193 | D:3      | Reached ** piety under Hepliaklqana
  2249 | D:3      | Remembered your ancestor Enheduanakkk as a knight
  2306 | D:3      | Found a basalt altar of Yredelemnul.
  2613 | D:4      | Reached skill level 1 in Throwing
  2724 | D:4      | Reached XP level 6. HP: 56/56 MP: 6/6
  2816 | D:4      | Found a staircase to the Ecumenical Temple.
  3264 | D:5      | Entered Level 5 of the Dungeon
  3280 | D:5      | Noticed a water moccasin
  3287 | D:5      | Killed a water moccasin
  3288 | D:5      | Reached skill level 1 in Axes
  3288 | D:5      | Reached skill level 1 in Armour
  3303 | D:5      | HP: 2/56 [centaur (3)]
  3311 | D:5      | Reached XP level 7. HP: 12/63 MP: 7/7
  3319 | D:5      | Reached skill level 5 in Fighting
  3523 | D:5      | Reached XP level 8. HP: 68/74 MP: 8/8
  3536 | D:5      | Reached *** piety under Hepliaklqana
  3579 | D:5      | Found a broken altar of Ashenzari.
  4250 | D:6      | Identified the +1 trident of Suxziyst {freeze, Str+3}
  4322 | D:6      | Reached skill level 5 in Throwing
  4606 | D:7      | Found a bloodstained altar of Trog.
  4616 | D:7      | Noticed a hornet
  4620 | D:7      | Paralysed by a hornet for 2 turns
  4620 | D:7      | Killed a hornet
  4621 | D:7      | Reached XP level 9. HP: 19/82 MP: 9/9
  4859 | D:7      | Reached **** piety under Hepliaklqana
  4941 | D:7      | Got Lehudib's Handbook of Terrain
  4988 | D:7      | Reached skill level 5 in Dodging
  5286 | D:8      | Found a stormy altar of Qazlal.
  5636 | D:8      | Noticed a two-headed ogre
  5646 | D:8      | Killed a two-headed ogre
  5886 | D:8      | Reached skill level 5 in Axes
  5886 | D:8      | Reached XP level 10. HP: 93/93 MP: 10/10
  5888 | D:8      | Noticed a two-headed ogre
  5902 | D:8      | Killed a two-headed ogre
  5948 | D:8      | HP: 1/95 [killer bee (7)]
  6601 | D:9      | Found a hazy altar of Hepliaklqana.
  7002 | D:9      | Found a staircase to the Orcish Mines.
  7082 | D:9      | Reached skill level 5 in Armour
  7217 | D:9      | Found a glowing silver altar of Zin.
  7231 | D:9      | Found Xototija's Antique Weapon Shop.
  7616 | Orc:1    | Entered Level 1 of the Orcish Mines
  7703 | Orc:1    | Noticed an oklob plant
  7707 | Orc:1    | Noticed a cyclops
  7715 | Orc:2    | Entered Level 2 of the Orcish Mines
  7785 | Orc:2    | Noticed Maurice
  7789 | Orc:1    | Noticed an orc knight
  7796 | Orc:2    | Noticed an orc knight
  7803 | Orc:2    | Killed Maurice
  7804 | Orc:2    | Reached XP level 11. HP: 83/103 MP: 11/11
  7870 | Orc:2    | Noticed a moth of wrath
  7975 | Orc:2    | Found a staircase to the Elven Halls.
  8223 | Orc:2    | Noticed a two-headed ogre
  8224 | Orc:2    | Noticed a deep troll
  8225 | Orc:2    | Noticed a moth of wrath
  8226 | Orc:2    | Noticed an orc warlord
  8228 | Orc:2    | Noticed Zerkas's ghost (journeyman HOFi)
  8415 | Orc:2    | Found Dushruf's Distillery.
  8517 | Orc:2    | Found a transporter.
  8529 | Orc:2    | Found a transporter.
  8537 | Orc:2    | Reached ***** piety under Hepliaklqana
  8697 | Orc:2    | Noticed an orc warlord
  8697 | Orc:2    | Noticed an orc sorcerer
  8704 | Orc:2    | Banished an orc sorcerer
  8719 | Orc:2    | Mangled by an orc warrior

Illustrated notes

Levels and vault maps discovered:
D:1:      lightli_arrival_quake, layout_basic,
          dreamdust_ecumenical_altar_drowned_temple
D:2:      layout_loops_cross, serial_shops, nicolae_shop_trees
D:3:      layout_rooms, slow_altar_1, marbit_many_paths, serial_shops,
          nicolae_shop_behind_doors
D:4:      layout_cave_pods, minmay_temple_entry_statues_pillars
D:5:      layout_cave_pools, lemuel_crystal_altar, minmay_misc_feat_square,
          kennysheep_nub
D:6:      layout_gridville
D:7:      layout_basic, nicolae_overflow_crystal_walls
D:8:      layout_rooms, overflow_temple_1_default, serial_aquarium,
          aquarium_bridge_island_small [aquarium_subvault_small_open,
          aquarium_subvault_wall, aquarium_subvault_balcony,
          aquarium_subvault_wall, aquarium_subvault_bridge],
          aquarium_bridge_square [aquarium_subvault_bridge,
          aquarium_subvault_bridge, aquarium_subvault_bridge,
          aquarium_subvault_window], aquarium_window_1, aquarium_window_1,
          aquarium_window_1, aquarium_window_corner, aquarium_view_2b,
          aquarium_balcony_5a, serial_bayou_pond_c,
          chequers_serial_rivers_micro_c, serial_bayou_ford_a
D:9:      layout_loops_corners, nicolae_overflow_hidden_temple,
          nicolae_hepliaklqana_hazy_memory, orc_0_dummy, serial_shops,
          nicolae_shop_crystal, serial_rivers, chequers_serial_rivers_room_a,
          chequers_serial_rivers_small_b, chequers_serial_rivers_small_3,
          chequers_serial_rivers_small_3
Orc:1:    layout_caves, mines3_lemuel, uniq_fannar
Orc:2:    grunt_orc_community_town_hall, layout_caves,
          grunt_orc_community_big_house_2, grunt_orc_community_big_house_2,
          grunt_orc_community_house_1, grunt_orc_community_house_1,
          grunt_orc_community_house_3, grunt_orc_community_house_2,
          gammafunk_ghost_wrathful_warriors, nicolae_orc_damp_corner,
          small_statue_alley_c, uniq_maurice

Skill      XL: |  1  2  3  4  5  6  7  8  9 10 |
---------------+-------------------------------+-----
Ranged Weapons | 3 |  3.9
Fighting       | 3 4 5 6 8 9 |  9.7
Dodging        | 2 3 4 5 6 |  6.8
Throwing       | 1 2 3 5 7 9 |  9.7
Axes           | 1 2 3 5 6 |  6.6
Armour         | 1 2 3 4 5 |  5.5
Stealth        | |  0.9

Action                   |  1- 3 |  4- 6 |  7- 9 | 10-12 || total
-------------------------+-------+-------+-------+-------++-------
Melee: Hand axe          |       |    33 |   150 |   184 ||   367
       Punch             |       |       |     3 |     3 ||     6
 Fire: Shortbow          |   123 |    67 |       |       ||   190
Throw: Dart              |       |     3 |     4 |       ||     7
       Throwing net      |       |       |     1 |       ||     1
       Boomerang         |       |       |     6 |     2 ||     8
Invok: Ancestor Identity |       |     1 |       |       ||     1
       Ancestor Life: Kn |       |     1 |       |       ||     1
       Recall Ancestor   |       |       |     1 |       ||     1
Evoke: Wand              |       |       |       |     9 ||     9
  Use: Scroll            |       |     6 |     4 |     5 ||    15
       Potion            |       |     1 |     2 |     3 ||     6
 Stab: Sleeping          |       |       |     2 |     2 ||     4
       Distracted        |       |       |       |     1 ||     1
Armor: Robe              |    18 |    17 |    24 |    14 ||    73
       Skin              |       |       |       |     9 ||     9
Dodge: Dodged            |    51 |    34 |    76 |   133 ||   294

Table legend: (Time is in decaauts)
 A = Elapsed time spent in this place.
 B = Non-inter-level travel time spent in this place.
 C = Inter-level travel time spent in this place.
 D = Time resting spent in this place.
 E = Time spent auto-exploring this place.
 F = Levels seen in this place.
 G = Mean time per level.
                   A        B        C        D        E       F      G
               +--------+--------+--------+--------+--------+-----+--------+
         Total |   8882 |   8573 |    309 |    665 |   6025 |  11 |  807.5 |
       Dungeon |   7779 |   7478 |    301 |    431 |   5561 |   9 |  864.3 |
  Orcish Mines |   1103 |   1095 |      8 |    234 |    464 |   2 |  551.5 |
               +--------+--------+--------+--------+--------+-----+--------+

Top non-repeatable levels by time:
     D:9: 1338 daAuts
     D:1: 1145 daAuts
     D:8: 1064 daAuts
   Orc:2: 994 daAuts
     D:2: 852 daAuts
     D:4: 712 daAuts
     D:5: 687 daAuts
     D:7: 682 daAuts
     D:6: 656 daAuts
     D:3: 640 daAuts
   Orc:1: 109 daAuts
